Map: Croisement de Kairos EC

Players

RainbowDash - Winner!

  • Race: Terran Terran
  • Spawn Location: 11:00

IA (très facile)

  • Race: Terran Terran
  • Spawn Location: 5:00

VOD

Have the link to the VOD?

Description

Time

  • Played on: Dec. 7, 2018, 6:22 a.m.
  • Length: 13:10
Show
View Real Time Build Order
Export as new Build Order

RainbowDash Terran - Winner!

Build Orders: Reaper Expand 

Get SALT Encoding   

  12  0:01  SCV  
  13  0:13  SCV  
  14  0:17  Supply Depot  
  14  0:25  SCV  
  15  0:38  SCV  
  15  0:40  Barracks  
  16  0:44  Refinery  
  16  0:50  SCV  
  17  1:03  SCV  
  18  1:15  SCV  
  19  1:27  Reaper  
  19  1:30  Orbital Command  
  20  1:43  Command Center  
  20  1:55  Supply Depot  
  20  1:58  SCV  
  20  1:59  Marine  
  22  2:10  SCV  
  23  2:16  Factory  
  23  2:21  Barracks Reactor  
  23  2:23  SCV  
  23  2:26  Refinery  
  24  2:35  SCV  
  25  2:41  Bunker  
  25  2:47  SCV  
  26  2:57  Orbital Command  
  26  2:59  SCV  
  26  3:04  Factory Tech Lab  
  27  3:08  Starport  
  27  3:10  Marine  
  27  3:11  Marine, SCV  
  30  3:23  SCV  
  31  3:28  Marine  
  31  3:29  Cyclone  
  31  3:30  SCV  
  31  3:33  Marine  
  37  3:35  SCV  
  38  3:42  SCV  
  38  3:46  Refinery x2  
  38  3:47  SCV  
  40  3:50  Starport Tech Lab  
  40  3:54  SCV  
  41  3:56  Supply Depot  
  41  3:59  SCV  
  44  4:06  Supply Depot, SCV  
  44  4:09  Siege Tank  
  46  4:17  Banshee  
  46  4:20  Supply Depot, SCV x2  
  46  4:23  Cloaking Field  
  51  4:32  SCV x2  
  51  4:36  Supply Depot  
  53  4:41  Siege Tank  
  53  4:44  SCV x2  
  57  4:53  Supply Depot  
  57  4:56  SCV x2  
  57  4:59  Armory  
  59  5:00  Banshee  
  62  5:08  SCV x2  
  62  5:11  Fusion Core  
  64  5:18  Supply Depot  
  64  5:20  SCV x2  
  66  5:29  Command Center  
  66  5:34  SCV x2  
  68  5:40  Engineering Bay  
  68  5:46  SCV  
  68  5:49  Drilling Claws  
  69  5:53  Starport  
  69  5:54  SCV  
  70  5:58  Supply Depot, SCV  
  70  5:59  Battlecruiser  
  77  6:06  SCV  
  77  6:10  SCV  
  79  6:17  Widow Mine  
  81  6:18  SCV  
  82  6:33  SCV x2  
  82  6:37  Armory  
  82  6:38  Widow Mine  
  82  6:39  Starport Tech Lab  
  86  6:43  Terran Ship Weapons Level 1  
  86  6:52  Supply Depot  
  86  6:54  SCV x2  
  88  7:04  Battlecruiser  
  88  7:06  SCV x2  
  88  7:07  Orbital Command  
  96  7:09  Refinery  
  96  7:10  Refinery  
  96  7:18  SCV x2  
  96  7:20  Starport  
  98  7:25  Battlecruiser  
  104  7:30  Terran Vehicle And Ship Armor Level 1, SCV x2  
  104  7:33  SCV  
  107  7:42  SCV x2  
  109  7:45  SCV  
  109  7:46  Supply Depot  
  109  7:50  Supply Depot  
  110  7:54  SCV x2  
  110  7:57  Starport Tech Lab, SCV  
  113  8:03  Command Center  
  113  8:06  SCV x2  
  113  8:08  Battlecruiser  
  113  8:09  Missile Turret, SCV  
  113  8:10  Command Center  
  122  8:18  Battlecruiser, SCV x2  
  130  8:21  SCV  
  130  8:24  Missile Turret  
  131  8:27  Missile Turret  
  131  8:29  Missile Turret  
  131  8:30  SCV x2  
  131  8:32  Supply Depot  
  131  8:33  SCV  
  134  8:36  Widow Mine x2  
  138  8:42  SCV  
  138  8:43  SCV  
  138  8:47  Battlecruiser  
  138  8:48  Command Center  
  146  8:58  Widow Mine x2  
  146  9:01  Refinery  
  150  9:03  Supply Depot  
  150  9:05  SCV  
  150  9:06  Refinery, SCV  
  152  9:12  Battlecruiser  
  158  9:19  Widow Mine x2  
  158  9:22  Battlecruiser  
  168  9:36  Terran Vehicle And Ship Armor Level 2  
  168  9:40  Widow Mine  
  168  9:41  Widow Mine  
  168  9:45  Terran Ship Weapons Level 2  
  172  9:54  Planetary Fortress  
  172  10:03  Planetary Fortress  
  172  10:20  Missile Turret  
  172  10:22  Missile Turret  
  172  10:23  Battlecruiser  
  172  10:24  Missile Turret  
  172  10:25  Missile Turret  
  178  10:29  Supply Depot  
  178  10:33  Battlecruiser  
  184  10:48  Battlecruiser  
  190  11:00  Supply Depot  
  190  11:08  Weapon Refit  
  190  11:14  Missile Turret  
  190  11:18  Missile Turret  
  190  11:28  Widow Mine x2, Battlecruiser  
  200  11:42  Planetary Fortress  
  200  11:54  Supply Depot  
Show
View Real Time Build Order
Export as new Build Order

IA (très facile) Terran 

Build Orders:  

Get SALT Encoding   

  12  0:00  SCV  
  13  0:13  SCV  
  14  0:19  Supply Depot  
  14  0:37  Refinery  
  14  0:42  Barracks  
  14  1:04  Supply Depot  
  14  1:13  SCV  
  15  1:25  SCV  
  16  1:29  Reaper  
  17  1:37  SCV  
  18  1:49  SCV  
  19  2:01  Marine, SCV  
  21  2:14  SCV  
  22  2:26  Orbital Command  
  22  4:31  SCV  
  22  4:32  Marine, Refinery  
  22  4:34  Factory  
  22  4:37  Supply Depot  
  24  4:59  SCV  
  25  5:01  Supply Depot  
  25  5:04  Marine  
  26  5:11  SCV  
  27  5:20  Starport  
  26  5:23  SCV  
  26  5:35  SCV  
  27  5:36  Marine  
  28  5:47  SCV  
  29  5:54  Barracks Tech Lab  
  29  5:56  Starport Tech Lab  
  29  6:15  Raven  
  29  6:16  Marauder  
  29  6:17  Command Center  
  33  6:21  Supply Depot  
  32  6:30  SCV  
  28  6:45  Marine  
  29  6:58  Raven  
  31  7:14  Hellion  
  33  7:30  SCV  
  33  7:36  Refinery  
  34  7:37  SCV  
  34  7:38  Refinery  
  34  7:42  Marauder  
  37  7:44  SCV  
  35  7:51  SCV  
  36  7:58  SCV  
  37  8:05  SCV  
  38  8:13  SCV  
  38  8:14  Marine  
  40  8:20  SCV  
  41  8:27  SCV  
  42  8:34  SCV  
  43  8:41  SCV  
  43  8:46  Marine  
  45  8:48  SCV  
  46  8:56  SCV  
  47  9:03  Medivac, SCV  
  47  9:06  Supply Depot  
  50  9:10  SCV  
  50  9:16  Marine  
  52  9:17  SCV  
  50  9:33  Medivac  
  48  9:46  Marine  
  49  10:03  Raven  
  51  10:16  Marine  
  51  10:17  Factory Tech Lab  
  52  10:46  Raven  
  52  10:48  Armory  
  54  11:37  Thor  
  59  11:58  Medivac  
  52  12:07  Marine  
  50  12:17  Supply Depot, SCV  
  33  12:29  SCV  
Tags
 
Add a new tag
Caveats
  • Supply blocks, unpowered buildings, or Contaminate may cause inaccurate times.
  • Supply counts are checked every 10 seconds.